 Dungeon Crawl Stone Soup version 0.31-a0-507-gbafd7f5274 (webtiles) character file.

Game seed: 18175533037702119972

1808 porpoise the Mimic (level 9, -1/70 (72) HPs)
             Began as a Merfolk Shapeshifter on Aug 10, 2023.
             Slain by a wight
             ... wielding a +0 battleaxe
              (13 damage)
             ... on level 6 of the Dungeon.
             The game lasted 00:21:38 (6182 turns).

porpoise the Mimic (Merfolk Shapeshifter)           Turns: 6182, Time: 00:21:39

HP:   -1/70 (72)    AC:  6    Str: 19    XL:     9   Next: 10%
MP:   9/9           EV: 11    Int:  7    God:
Gold: 452           SH:  0    Dex: 15    Spells: 8/8 levels left

rFire   . . .        w - melded +5 short sword (speed)
rCold   . . .        (shield currently unavailable)
rNeg    . . .        q - +1 ring mail
rPois   .            (no helmet)
rElec   .            (no cloak)
rCorr   .            (no gloves)
SInv    .            (no boots)
Will    .....        (no amulet)
Stlth   +            (no ring)
HPRegen 0.31/turn    (no ring)
MPRegen 0.11/turn

%: no passive effects
@: flux-form, glowing, lightly drained
A: glow, contaminating, (nimble swimmer 2), mertail
a: Begin Untransformation


You were on level 6 of the Dungeon.
You were something dangerously unstable.
You visited 2 branches of the dungeon, and saw 8 of its levels.

You collected 578 gold pieces.
You spent 126 gold pieces at shops.

Inventory:

Hand Weapons
 b - a +0 sling of freezing
 w - a +5 short sword of speed (melded)
 I - a +2 rapier of holy wrath
Missiles
 a - 18 poisoned darts
 e - 2 boomerangs
 o - 5 javelins
 F - 5 silver javelins
Armour
 q - a +1 ring mail (worn)
Jewellery
 s - a ring of wizardry
Talismans
 c - a beast talisman
 d - a flux talisman (active)
Wands
 u - a wand of polymorph (12)
 D - a wand of paralysis (11)
 H - a wand of flame (22)
Scrolls
 f - 2 scrolls of enchant weapon
 g - a scroll of brand weapon
 h - 2 scrolls of poison
 i - 4 scrolls of teleportation
 k - 4 scrolls of immolation
 m - 2 scrolls of enchant armour
 p - a scroll of fear
 t - a scroll of vulnerability {unknown}
 x - 3 scrolls of identify
 y - a scroll of noise {unknown}
 A - a scroll of fog {unknown}
 C - a scroll of silence {unknown}
 E - a scroll of amnesia {unknown}
 G - a scroll of blinking {unknown}
Potions
 j - 2 potions of lignification
 n - 2 potions of mutation
 r - a potion of enlightenment
 v - a potion of brilliance
 z - a potion of resistance
 B - a potion of magic {unknown}


   Skills:
 - Level 7.0 Fighting
 - Level 2.6 Dodging
 + Level 8.0 Unarmed Combat
 + Level 8.5 Shapeshifting


You had 8 spell levels left.
You didn't know any spells.
Your spell library contained the following spells:

 Spells                   Type           Power      Damage    Failure   Level
 Cigotuvi's Dreadful Rot  Necr/Pois/Air  0%         N/A       77%         2
 Hailstorm                Conj/Ice       0%         3d3       94%         3
 Ozocubu's Armour         Ice            0%         N/A       94%         3
 Animate Dead             Necr           0%         N/A       100%        4
 Cause Fear               Hex            0%         N/A       100%        4
 Dispel Undead            Necr           0%         3d6       100%        4
 Summon Ice Beast         Ice/Summ       0%         N/A       100%        4
 Borgnjor's Vile Clutch   Necr/Erth      0%         N/A       100%        5
 Fireball                 Conj/Fire      0%         3d3       100%        5
 Death Channel            Necr           0%         N/A       100%        6
 Simulacrum               Ice/Necr       0%         N/A       100%        6
 Ozocubu's Refrigeration  Ice            0%         4d7       100%        7
 Dragon's Call            Summ           0%         N/A       100%        9


Dungeon Overview and Level Annotations

Branches:
Dungeon (7/15)             Temple (1/1) D:4

Altars:
Ashenzari
Dithmenos
Fedhas
Kikubaaqudgha
Makhleb
Nemelex Xobeh
Okawaru
Ru
Sif Muna
Trog
Vehumet
Xom

Shops:
D:1 *


Innate Abilities, Weirdness & Mutations

You are something dangerously unstable.
You glow with magical radiation, making you easy to see and hit.
Foes you strike become dangerously contaminated with magical radiation.
You are incapable of wielding weapons or throwing items.
((You are very nimble when in or above water. (Stealth+, EV+, Speed+++)))
Your lower body shifts to a powerful aquatic tail in water.


Message History

Your Fighting skill increases to level 7!
The bullfrog hits you. The bullfrog attacks as you move away!
The bullfrog hits you. The bullfrog hits you.
You barely miss the bullfrog.
The bullfrog is lightly wounded.
The bullfrog hits you.
You punch the bullfrog!
The bullfrog glows dangerously bright.
The bullfrog is heavily wounded.
The bullfrog hits you.
* * * LOW HITPOINT WARNING * * *
You hit the bullfrog.
The bullfrog shudders as magic cascades through it.
The bullfrog twists and deforms.
The bullfrog is almost dead.
The bullfrog barely misses you.
The bullfrog hits you but does no damage.
You hit the bullfrog.
You kill the bullfrog!
Your Unarmed Combat skill increases to level 8!
The wight attacks as you move away! The wight barely misses you.
The wight attacks as you move away! The wight misses you.
There is a stone staircase leading up here.
The wight barely misses you.
You climb upwards.
There is a stone staircase leading down here.
You barely miss the wight. The wight hits you with a +0 battleaxe.
* * * LOW HITPOINT WARNING * * *
You feel drained.
* * * LOW HITPOINT WARNING * * *
You hit the wight.
The wight begins to glow.
The wight is lightly damaged.
The wight hits you with a +0 battleaxe.
* * * LOW HITPOINT WARNING * * *
You feel drained.
* * * LOW HITPOINT WARNING * * *
You hit the wight.
The wight glows dangerously bright.
The wight is moderately damaged.
The wight hits you with a +0 battleaxe!
You die...

#########
#.......########
#.#####........#
#.#####).......#
#.##...).......###
####.##.#.).........#
..##..............#.#
#.###))...........#.####
.....)).........B.#....#
#.###.#..#.......z####.#
######...#.....#### #.#
#...⌠#.#.......# #.#
#...##.###.....#
####.####
#._............#
#.......#
#...##<.....####
#.##.##.# #...⌠#.######
#.##.##.# ######.#
#....##.#


You could see a wight (heavy contam).

Vanquished Creatures
  A troll (D:6)
  A steam dragon (D:6)
  Menkaure (D:6)
  A water moccasin (D:6)
  2 black bears
  An ogre (D:6)
  A phantom (D:6)
  A kobold brigand (D:6)
  2 bullfrogs
  2 scorpions
  A wight (D:7)
  A howler monkey (D:5)
  A jelly (D:6)
  4 hounds
  An orc priest (D:3)
  A sleepcap (D:6)
  2 iguanas
  4 gnolls (D:2)
  7 adders
  An ufetubus (D:7)
  3 worms
  A dart slug (D:4)
  13 orcs
  6 ball pythons
  8 bats
  10 endoplasms
  3 giant cockroaches
  7 goblins
  7 hobgoblins
  5 jackals
  6 quokkas
  3 frilled lizards
  16 kobolds
  7 rats
131 creatures vanquished.

Notes
Turn   | Place    | Note
-------+----------+-------------------------------------------
     0 | D:1      | porpoise the Merfolk Shapeshifter began the quest for the
                  | Orb.
     0 | D:1      | Reached XP level 1. HP: 15/15 MP: 1/1
   132 | D:1      | Reached XP level 2. HP: 21/21 MP: 2/2
   132 | D:1      | Found Launiele's Assorted Antiques.
   199 | D:1      | Found a faded altar of an unknown god.
   573 | D:2      | Reached XP level 3. HP: 26/27 MP: 3/3
   891 | D:2      | Reached skill level 5 in Shapeshifting
   891 | D:2      | Reached XP level 4. HP: 33/33 MP: 4/4
  1634 | D:1      | Bought 3 scrolls labelled VERAXE PESIH for 48 gold pieces
  1634 | D:1      | Bought a scroll labelled XUQ BIYMNIHASME for 16 gold pieces
  1634 | D:1      | Bought a scroll labelled GANEWN NUETWE for 16 gold pieces
  1634 | D:1      | Bought a scroll labelled DEWNACZ DIOSS for 16 gold pieces
  1634 | D:1      | Bought a scroll labelled VERAXE PESIH for 16 gold pieces
  1767 | D:1      | Bought a golden potion for 14 gold pieces
  1923 | D:3      | Reached XP level 5. HP: 39/39 MP: 5/5
  2632 | D:4      | Noticed a black bear
  2704 | D:3      | Killed a black bear
  2705 | D:3      | Reached skill level 5 in Unarmed Combat
  2705 | D:3      | Reached XP level 6. HP: 20/47 MP: 6/6
  3401 | D:4      | Noticed a black bear
  3422 | D:4      | Killed a black bear
  3423 | D:4      | Reached XP level 7. HP: 39/54 MP: 7/7
  3593 | D:4      | Found a staircase to the Ecumenical Temple.
  3626 | Temple   | Entered the Ecumenical Temple
  3763 | D:5      | Entered Level 5 of the Dungeon
  3946 | D:5      | Found a shimmering blue altar of Sif Muna.
  3992 | D:5      | Identified the +3 trident of Pandemonium {freeze, *Noise
                  | Int+6}
  4567 | D:6      | Found a burning altar of Makhleb.
  4572 | D:6      | Noticed Menkaure
  4583 | D:6      | Reached skill level 5 in Fighting
  4585 | D:6      | Killed Menkaure
  4586 | D:6      | Reached XP level 8. HP: 26/62 MP: 8/8
  5376 | D:6      | Noticed a troll
  5390 | D:6      | Killed a troll
  6009 | D:6      | Reached XP level 9. HP: 65/71 MP: 9/9
  6182 | D:6      | Slain by a wight

Illustrated notes

Levels and vault maps discovered:
D:1:      ncdulo_smallfort, layout_rooms, hellmonk_ecumenical_altar_crossroads,
          serial_shops, shop
D:2:      layout_loops_ring, supply_closet_lemuel, minmay_nonomino_d4
D:3:      minmay_evil_eye, layout_rooms, minmay_randomly_rotated_circles
D:4:      layout_gridville, minmay_temple_entry_glassed_door, st_stairs_10
D:5:      layout_loops_ring, lemuel_round_altar, minivault_5
D:6:      layout_loops_cross, mainiacjoe_overflow_alcove_2, uniq_menkaure
D:7:      layout_basic, grunt_temple_overflow_gold_and_silver,
          nicolae_ossuary_entry_plus
Temple:   compressed_dpeg_circular_temple

Skill      XL: |  1  2  3  4  5  6  7  8  9 |
---------------+----------------------------+-----
Fighting       | 2 3 4 5 6 7 |  7.0
Shapeshifting  | 5 6 7 8 |  8.5
Unarmed Combat | 4 5 6 7 8 |  8.0
Dodging        | |  2.6

Action                     |  1- 3 |  4- 6 |  7- 9 || total
---------------------------+-------+-------+-------++-------
  Melee: Unarmed           |    39 |    56 |   153 ||   248
         Short sword       |    35 |   112 |       ||   147
         Punch             |     1 |     3 |       ||     4
    Use: Scroll            |       |    11 |     2 ||    13
         Potion            |       |     1 |       ||     1
   Stab: Sleeping          |     2 |     1 |     1 ||     4
 Armour: Animal skin       |     7 |     2 |       ||     9
         Ring mail         |       |    49 |    47 ||    96
  Dodge: Dodged            |    30 |    87 |   101 ||   218
   Form: Flux              |       |     1 |       ||     1

Table legend: (Time is in decaauts)
 A = Elapsed time spent in this place.
 B = Non-inter-level travel time spent in this place.
 C = Inter-level travel time spent in this place.
 D = Time resting spent in this place.
 E = Time spent auto-exploring this place.
 F = Levels seen in this place.
 G = Mean time per level.
                   A        B        C        D        E       F      G
               +--------+--------+--------+--------+--------+-----+--------+
         Total |   6111 |   5760 |    351 |   1877 |   2936 |   8 |  763.9 |
       Dungeon |   6109 |   5759 |    350 |   1877 |   2936 |   7 |  872.7 |
        Temple |      1 |      0 |      1 |      0 |      0 |   1 |    1.0 |
               +--------+--------+--------+--------+--------+-----+--------+

Top non-repeatable levels by time:
     D:6: 1559 daAuts
     D:2: 1109 daAuts
     D:4: 954 daAuts
     D:3: 952 daAuts
     D:5: 800 daAuts
     D:1: 690 daAuts
     D:7: 41 daAuts
  Temple: 1 daAuts
